 Dungeon Crawl Stone Soup version 0.21.1-1-g345015f (webtiles) character file.

3266 Hebeh the Cleaver (level 9, -7/82 HPs)
             Began as a Deep Dwarf Fighter on June 23, 2018.
             Was a Follower of Makhleb.
             Mangled by a cyan ugly thing (11 damage)
             ... on level 7 of the Dungeon.
             The game lasted 00:19:06 (3449 turns).

Hebeh the Cleaver (Deep Dwarf Fighter)              Turns: 3449, Time: 00:19:06

Health: -7/82      AC:  2    Str: 24    XL:     9   Next: 68%
Magic:  5/5        EV:  8    Int:  8    God:    Makhleb [*.....]
Gold:   142        SH: 12    Dex: 12    Spells: 8/8 levels left

rFire    . . .     SeeInvis .   C - +1 hand axe (elec)
rCold    . . .     Gourm    .   c - +1 shield
rNeg     + . .     Faith    .   b - +0 scale mail
rPois    +         Spirit   .   h - +0 helmet
rElec    .         Reflect  .   (no cloak)
rCorr    .         Harm     .   D - +0 pair of gloves
MR       +....                  (no boots)
Stlth    ..........             (no amulet)
HPRegen  0.00/turn              u - ring of positive energy
MPRegen  0.09/turn              o - ring of poison resistance

@: about to teleport, corroded, non-regenerating
A: damage resistance, heal wounds, sense surroundings 2, no regeneration
a: Heal Wounds, Renounce Religion


You were on level 7 of the Dungeon.
You worshipped Makhleb.
Makhleb was aware of your devotion.
You were not hungry.

You visited 2 branches of the dungeon, and saw 8 of its levels.

You collected 142 gold pieces.

Inventory:

Hand Weapons
 a - a +1 war axe
 z - a +2 whip of flaming
 C - a +1 hand axe of electrocution (weapon)
Armour
 b - a +0 scale mail (worn)
 c - a +1 shield (worn)
 h - a +0 helmet (worn)
 D - a +0 pair of gloves (worn)
Jewellery
 i - an uncursed ring of stealth
 m - an uncursed ring of protection from fire
 o - a ring of poison resistance (right hand)
 r - a +5 ring of strength
 s - an uncursed ring of ice
 u - a ring of positive energy (left hand)
Wands
 B - a wand of disintegration (16)
Scrolls
 p - a scroll of enchant armour
 w - a scroll of fog
 y - 5 scrolls of remove curse
 A - 2 scrolls of random uselessness
Potions
 d - a potion of might
 j - a potion of invisibility
 k - 2 potions of flight {unknown}
 l - 2 potions of curing {unknown}
 n - 2 potions of cancellation {unknown}
 q - 3 potions of brilliance {unknown}
 t - 3 potions of degeneration {unknown}
 x - a potion of lignification {unknown}
 E - a potion of heal wounds {unknown}
Books
 v - a book of Misfortune

   Spells                             Type                      Level
   a - Confusing Touch                Hexes                        1
   b - Confuse                        Hexes                        3
   c - Gell's Gravitas                Translocation                3
   d - Petrify                        Transmutation/Earth          4
   e - Metabolic Englaciation         Hexes/Ice                    5
   f - Yara's Violent Unravelling     Hexes/Transmutation          5
Comestibles
 f - 11 rations
 g - 8 chunks of flesh


   Skills:
 + Level 6.2 Fighting
 * Level 9.8 Axes
 + Level 7.5 Armour
 + Level 7.4 Shields


You had 8 spell levels left.
You didn't know any spells.

Dungeon Overview and Level Annotations

Branches:
Dungeon (6/15)             Temple (1/1) D:5

Altars:
Ashenzari
Elyvilon
Fedhas
Hepliaklqana
Kikubaaqudgha
Makhleb
Ru
Sif Muna
Trog
Vehumet
Wu Jian
Xom
Yredelemnul
The Shining One


Innate Abilities, Weirdness & Mutations

You are resistant to damage.
You can heal yourself by infusing magical energy.
You passively map the area around you.
You do not regenerate.


Message History

The sky beast hits you. The sky beast shocks you.
* * * LOW HITPOINT WARNING * * *
You feel much better. The cyan ugly thing pecks you!
* * * LOW HITPOINT WARNING * * *
The cyan ugly thing shocks you!
* * * LOW HITPOINT WARNING * * *
You block the jelly's attack. The sky beast hits you.
* * * LOW HITPOINT WARNING * * *
The sky beast shocks you.
* * * LOW HITPOINT WARNING * * *
You feel much better. The cyan ugly thing pecks you.
* * * LOW HITPOINT WARNING * * *
The cyan ugly thing shocks you!
* * * LOW HITPOINT WARNING * * *
You block the jelly's attack. The sky beast barely misses you.
As you read the scroll of teleportation, it crumbles to dust.
You feel strangely unstable. The cyan ugly thing pecks you!
* * * LOW HITPOINT WARNING * * *
The cyan ugly thing shocks you!
You die...

* , .. ,
*## , ,
,...... .#
* , ,
#...#.,,#.#
..#.., ..#
, , ,#=..#
..# * ..
#...#..# ,
#...#...#.#
......J)..#
.#...#@..#
, * ,
.z#..u#Y.#
,
#..!#..$#.#
.. #..≈# .#
, , #...#
,.# ,,,
.....,, .#
,#...#. *.#
*, ...#.. ,
* , ,,


You could see a cyan ugly thing, a sky beast and a jelly.

Vanquished Creatures
  A two-headed ogre (D:6)
  Pikel (D:6)
  The ghost of iamserjio the Charmwright, a novice GnSk (D:5)
  The ghost of diana the Cutter, a novice DsGl (D:4)
  3 slaves (D:6)
  A necrophage (D:5)
  3 ogres
  2 phantoms
  A centaur (D:6)
  A bullfrog (D:7)
  2 scorpions
  A howler monkey (D:5)
  6 wights
  2 crimson imps
  A hound (D:6)
  2 orc priests (D:5)
  A bullfrog skeleton (D:5)
  An iguana (D:5)
  2 orc wizards (D:5)
  6 worker ants
  A hound skeleton (D:6)
  3 gnolls (D:4)
  6 adders
  2 oozes
  2 adder skeletons
  3 dart slugs
  4 leopard geckos
  26 orcs
  7 giant cockroaches
  7 hobgoblins
  6 jackals
  12 kobolds
  4 quokkas
  2 ball pythons
  9 bats
  3 frilled lizards
  12 goblins
  8 rats
  A butterfly (D:5)
157 creatures vanquished.

Notes
Turn   | Place    | Note
-------+----------+-------------------------------------------
     0 | D:1      | Hebeh the Deep Dwarf Fighter began the quest for the Orb.
     0 | D:1      | Reached XP level 1. HP: 20/20 MP: 1/1
   145 | D:1      | Found a glowing golden altar of the Shining One.
   178 | D:1      | Reached XP level 2. HP: 22/27 MP: 2/2
   335 | D:1      | Reached skill level 3 in Axes
   336 | D:1      | Reached XP level 3. HP: 22/34 MP: 3/3
   866 | D:2      | Reached XP level 4. HP: 24/42 MP: 4/4
  1247 | D:3      | Reached skill level 4 in Axes
  1287 | D:3      | Reached XP level 5. HP: 31/49 MP: 5/5
  1909 | D:4      | Noticed diana's ghost (novice DsGl)
  1931 | D:4      | Killed diana's ghost
  1931 | D:4      | Reached skill level 5 in Axes
  1931 | D:4      | Reached XP level 6. HP: 31/57 MP: 6/6
  1931 | D:4      | Reached XP level 7. HP: 34/64 MP: 7/7
  1979 | D:4      | Reached skill level 5 in Armour
  2040 | D:4      | Reached skill level 5 in Shields
  2077 | D:4      | Reached skill level 6 in Axes
  2389 | D:5      | Entered Level 5 of the Dungeon
  2499 | D:5      | Found an ornate altar of the Wu Jian Council.
  2499 | D:5      | Found a hazy altar of Hepliaklqana.
  2535 | D:5      | Found a staircase to the Ecumenical Temple.
  2568 | D:5      | Noticed iamserjio's ghost (novice GnSk)
  2570 | Temple   | Entered the Ecumenical Temple
  2718 | Temple   | Became a worshipper of Makhleb the Destroyer
  2768 | D:5      | Killed iamserjio's ghost
  2768 | D:5      | Reached skill level 7 in Axes
  2768 | D:5      | Reached XP level 8. HP: 46/73 MP: 8/8
  2824 | D:5      | Found a bloodstained altar of Trog.
  2852 | D:5      | Found a shimmering altar of Xom.
  2919 | D:5      | Reached skill level 5 in Fighting
  3102 | D:5      | Reached skill level 8 in Axes
  3286 | D:6      | Noticed a two-headed ogre
  3293 | D:6      | Killed a two-headed ogre
  3293 | D:6      | Gained mutation: You passively map the area around you. [Deep Dwarf growth]
  3293 | D:6      | Reached XP level 9. HP: 65/82 MP: 7/7
  3316 | D:6      | Reached * piety under Makhleb
  3339 | D:6      | Noticed Pikel
  3355 | D:6      | Killed Pikel
  3355 | D:6      | Reached skill level 9 in Axes
  3413 | D:6      | You fall through a shaft!
  3419 | D:7      | Noticed a cyan ugly thing
  3449 | D:7      | HP: 4/82 [cyan ugly thing (6)]
  3449 | D:7      | Mangled by a cyan ugly thing

Skill      XL: |  1  2  3  4  5  6  7  8  9 |
---------------+----------------------------+-----
Axes           | 3 4 5 7 8 9 |  9.8
Fighting       | 3 4 5 6 |  6.2
Shields        | 4 5 6 7 |  7.4
Armour         | 4 5 6 7 |  7.5

Action                   |  1- 3 |  4- 6 |  7- 9 || total
-------------------------+-------+-------+-------++-------
Melee: War axe           |   134 |   156 |   167 ||   457
       Hand axe          |       |       |    82 ||    82
Throw: Tomahawk          |       |       |     4 ||     4
 Abil: Heal Wounds       |       |     3 |    16 ||    19
  Use: Scroll            |     6 |     2 |     4 ||    12
  Eat: Chunk             |       |     4 |     2 ||     6
       Ration            |       |       |     1 ||     1
Armor: Scale mail        |    77 |    52 |    65 ||   194
Dodge: Dodged            |    49 |    26 |    61 ||   136
Block: Shield            |    83 |    90 |   143 ||   316
